 Dungeon Crawl Stone Soup version 0.24.1-11-gbbbb2193e6 (webtiles) character file.

Game seed: 12358273717614258814, levelgen mode: deterministic

99 Gwenloh the Grasshopper (level 4, 0/23 HPs)
             Began as a Spriggan Warper on May 10, 2020.
             Killed by divine providence
             ... invoked by an orc priest
              (16 damage)
             ... on level 3 of the Dungeon.
             The game lasted 00:10:50 (3539 turns).

Gwenloh the Grasshopper (Spriggan Warper)           Turns: 3539, Time: 00:10:51

Health: 0/23       AC:  2    Str:  7    XL:     4   Next: 45%
Magic:  2/9        EV: 19    Int: 15    God:
Gold:   136        SH:  0    Dex: 15    Spells: 2/9 levels left

rFire    . . .     SeeInvis +   n - +3 dagger
rCold    . . .     Gourm    .   (shield restricted)
rNeg     . . .     Faith    .   b - +0 robe
rPois    .         Spirit   .   (helmet restricted)
rElec    .         Reflect  .   (no cloak)
rCorr    .         Harm     .   (gloves unavailable)
MR       .....                  (boots unavailable)
Stlth    ++........             (no amulet)
HPRegen  0.07/turn              (no ring)
MPRegen  0.11/turn              (no ring)

@: shrouded (expiring), very quick
A: very small, unfitting armour, see invisible, herbivore, speed 3, slow
metabolism 2
a: no special abilities


You were on level 3 of the Dungeon.
You were near starving.

You visited 1 branch of the dungeon, and saw 3 of its levels.

You collected 136 gold pieces.

Inventory:

Hand Weapons
 a - a +0 short sword
 n - a +3 dagger (weapon)
Missiles
 e - 4 boomerangs of dispersal
 g - 75 stones (quivered)
 j - 8 atropa-tipped darts
 m - 23 sling bullets
Armour
 b - a +0 robe (worn)
Scrolls
 c - 2 scrolls of identify {unknown}
 d - 2 scrolls of blinking
 i - a scroll of fog {unknown}
 l - 2 scrolls of remove curse {unknown}
 q - a scroll of enchant weapon {unknown}
Potions
 h - a potion of lignification {unknown}
 k - 2 potions of might
 o - a potion of heal wounds {unknown}
 p - a potion of brilliance {unknown}
Comestibles
 f - 5 rations


   Skills:
 + Level 2.0 Fighting
 * Level 3.3 Short Blades
 - Level 1.0 Throwing
 + Level 4.2 Dodging
 + Level 2.0 Stealth
 + Level 3.3 Spellcasting
 + Level 1.4 Charms
 + Level 4.8 Translocations


You had 2 spell levels left.
You knew the following spells:

 Your Spells              Type           Power        Failure   Level  Hunger
a - Blink                 Tloc           N/A          4%          2    ##.....
b - Shroud of Golubria    Chrm/Tloc      ##....       9%          2    ##.....
c - Gell's Gravitas       Tloc           ###.......   8%          3    ###....

Your spell library contained the following spells:

 Spells                   Type           Power        Failure   Level  Hunger
 Lesser Beckoning         Tloc           ###.......   8%          3    ###....
 Teleport Other           Tloc           ###.....     8%          3    ###....
 Passage of Golubria      Tloc           N/A          26%         4    #####..


Dungeon Overview and Level Annotations

Branches:
Dungeon (3/15)

Altars:
Elyvilon
Vehumet

Annotations:
D:3 Grinder


Innate Abilities, Weirdness & Mutations

You are very small and have problems with some larger weapons.
You are too small for most types of armour.
You have supernaturally acute eyesight. (SInv)
You are a herbivore.
You cover ground extremely quickly.
You need to consume almost no food.


Message History

Casting: Gell's Gravitas (safe; 8% risk of failure)
Confirm with . or Enter, or press ? or * to list all spells.
You don't have enough magic to cast that spell.
The orc shouts!
You hear a shout!
A ball python comes into view.
Grinder blinks!
Grinder gestures at you.
You suddenly lose the ability to move!
Grinder gestures at you. Pain shoots through your body!
Grinder barely misses you.
Your shroud begins to fray at the edges.
Your shroud bends Grinder's attack away!
Grinder barely misses you.
You can move again.
There is a stone staircase leading up here.
The orc priest mumbles some strange prayers to Beogh against you.
Beogh smites you!
Ouch! That really hurt!
You die...

#g# #ยง# #.# .
#.# ...
#.####o....
#..o....S..
#####r####.....
...#.##.oogS#
...
#.....@5.### .
...#.#.##.# #
#> #.# .. ...
... #... ###.
##### #. #(


You could see Grinder, an orc priest, 2 orcs, a hobgoblin, a ball python and a
rat.

Vanquished Creatures
  5 adders (D:2)
  2 worms (D:2)
  4 dart slugs
  5 bats
  2 giant cockroaches (D:1)
  6 goblins
  6 hobgoblins
  A ball python (D:2)
  6 frilled lizards
  3 kobolds (D:1)
  7 rats
47 creatures vanquished.

Notes
Turn   | Place    | Note
-------+----------+-------------------------------------------
     0 | D:1      | Gwenloh the Spriggan Warper began the quest for the Orb.
     0 | D:1      | Reached XP level 1. HP: 10/10 MP: 5/5
   628 | D:1      | Reached skill level 1 in Stealth
   674 | D:1      | Reached XP level 2. HP: 11/15 MP: 6/6
   844 | D:1      | Learned a level 2 spell: Blink
   847 | D:1      | Learned a level 2 spell: Shroud of Golubria
  2039 | D:2      | Reached XP level 3. HP: 18/18 MP: 4/8
  2046 | D:2      | Found a white marble altar of Elyvilon.
  2187 | D:2      | Reached skill level 1 in Charms
  2732 | D:2      | Found a radiant altar of Vehumet.
  2871 | D:2      | Reached XP level 4. HP: 23/23 MP: 9/9
  2877 | D:2      | Learned a level 3 spell: Gell's Gravitas
  3508 | D:3      | Noticed Grinder
  3532 | D:3      | Paralysed by Grinder for 6 turns
  3539 | D:3      | Killed from afar by an orc priest

Levels and vault maps discovered:
D:1:      saegor_arrival_simple_d, layout_basic
D:2:      layout_loops_ring, marbit_many_paths, vehumet_crystals, serial_forest,
          infiniplex_forest_lined_ring, infiniplex_forest_clump_tiny,
          infiniplex_forest_straight_1, infiniplex_forest_clump_diagonal,
          infiniplex_forest_clump_medium
D:3:      layout_loops_ring, old_standard_altar, uniq_grinder

Skill      XL: |  1  2  3  4 |
---------------+-------------+-----
Stealth        | 1 2 |  2.0
Spellcasting   | 3 |  3.3
Dodging        | 4 |  4.2
Short Blades   | 3 |  3.3
Charms         | 1 |  1.4
Fighting       | 2 |  2.0
Throwing       | |  1.0
Translocations | |  4.8

Action                   |  1- 3 |  4- 6 || total
-------------------------+-------+-------++-------
Melee: Short sword       |   191 |       ||   191
       Dagger            |     3 |    29 ||    32
Throw: Stone             |    66 |    14 ||    80
       Boomerang         |     1 |       ||     1
       Dart              |     3 |       ||     3
 Cast: Shroud of Golubri |    10 |     6 ||    16
       Gell's Gravitas   |       |     2 ||     2
 Stab: Sleeping          |     2 |     2 ||     4
Armor: Robe              |    15 |     1 ||    16
Dodge: Dodged            |   149 |    13 ||   162
